 Dungeon Crawl Stone Soup version 0.19.4 (webtiles) character file.

1577 Jerry the Basher (level 8, 0/88 HPs)
             Began as an Ogre Hunter on Feb 3, 2017.
             Was an Initiate of Gozag.
             Slain by a gnoll
             ... wielding a +3 spear of piercing
              (1 damage)
             ... on level 6 of the Dungeon.
             The game lasted 00:17:51 (5925 turns).

Jerry the Basher (Ogre Hunter)                      Turns: 5925, Time: 00:17:52

Health: 0/88       AC:  3    Str: 18    XL:     8   Next: 91%
Magic:  8/8        EV: 12    Int:  8    God:    Gozag
Gold:   838        SH:  0    Dex: 12    Spells: 0 memorised, 7 levels left

rFire  . . .     SeeInvis .     D - +1 flail (freeze)
rCold  . . .     Gourm    .     b - +0 robe
rNeg   . . .     Faith    .     (no shield)
rPois  +         Spirit   .     (helmet restricted)
rElec  .         Reflect  .     (no cloak)
rCorr  .         Harm     .     (gloves unavailable)
MR     .....                    (boots unavailable)
Stlth  +.........               i - amulet of regeneration
                                (no ring)
                                C - ring of poison resistance

@: no status effects
A: unfitting armour, dopey 1, tough skin 1
a: Potion Petition, Call Merchant, Bribe Branch, Renounce Religion


You were on level 6 of the Dungeon.
You worshipped Gozag.
Gozag was pleased with you.
You were hungry.

You visited 2 branches of the dungeon, and saw 7 of its levels.

You collected 893 gold pieces.
You paid 55 gold pieces to Gozag.

Inventory:

Hand Weapons
 o - a +2 short sword of venom
 D - a +1 flail of freezing (weapon)
Missiles
 c - 4 large rocks (quivered)
 d - 3 throwing nets
Armour
 b - a +0 robe (worn)
Jewellery
 i - an amulet of regeneration (around neck)
 C - a ring of poison resistance (left hand)
Wands
 h - a wand of teleportation (9/9)
 j - a wand of random effects (28/48)
 y - a wand of paralysis (1/24)
Scrolls
 e - a scroll of recharging
 l - a scroll of identify
 p - a scroll of teleportation
 s - 3 scrolls of fear
 w - a scroll of blinking
 B - a scroll of amnesia
Potions
 g - a potion of berserk rage
 m - 2 potions of lignification
 n - a potion of magic {unknown}
 r - a potion of cancellation {unknown}
 t - 2 potions of ambrosia {unknown}
 v - a potion of haste
 x - 2 potions of might {unknown}
 z - a potion of curing
Books
 q - the Tome of the Four Beds
   (You found it on level 6 of the Dungeon)

   Spells                             Type                      Level
   a - Conjure Flame                  Conjuration/Fire             3
   b - Bolt of Magma                  Conjuration/Fire/Earth       5
   c - Metabolic Englaciation         Hexes/Ice                    5
   d - Ring of Flames                 Charms/Fire                  7
Comestibles
 a - 3 fruits
 f - 7 bread rations
 k - 3 meat rations
 u - a slice of pizza
 A - a beef jerky


   Skills:
 + Level 7.7 Fighting
 * Level 9.4 Maces & Flails
 - Level 4.0 Throwing
 + Level 5.5 Dodging
 - Level 0.6 Stealth


You had 7 spell levels left.
You didn't know any spells.

Dungeon Overview and Level Annotations

Branches:
Dungeon (6/15)             Temple (1/1) D:4

Altars:
Ashenzari
Dithmenos
Elyvilon
Fedhas
Gozag
Hepliaklqana
Kikubaaqudgha
Makhleb
Nemelex Xobeh
Qazlal
Sif Muna
Trog
Vehumet
Xom
Yredelemnul
Zin


Innate Abilities, Weirdness & Mutations

You are too large for most types of armour.
You have tough skin. (AC +1)
You are dopey. (Int -2)


Message History

The gnoll hits you.
* * * LOW HITPOINT WARNING * * *
You hit the gnoll. You freeze the gnoll.
The gnoll is severely wounded.
The gnoll misses you.
The gnoll shaman calls upon its god to heal the gnoll.
The gnoll is healed somewhat.
The gnoll barely misses you.
You barely miss the gnoll.
The gnoll is moderately wounded.
The gnoll hits you!
* * * LOW HITPOINT WARNING * * *
The gnoll hits you from afar with a spear of piercing!
* * * LOW HITPOINT WARNING * * *
x2 The gnoll barely misses you.
The gnoll shaman calls upon its god to heal the gnoll.
The gnoll's wounds heal themselves!
The gnoll hits you but does no damage.
The gnoll hits you from afar with a spear of piercing!
* * * LOW HITPOINT WARNING * * *
You die...
Your body crumbles into a pile of gold.

.#...#..........).).....##.....>.
.#####..........))##.............
##...P.......#....##.............
.......###........#..............
................###..............
................# #..............
..............g.# #..)...........
.$$......(....g.###..........####
..............gg@...............#
................................#
................................#
.......................(.......[#
.......######...................#
.......# #..........###......#
.......# ############ #......#
.......# #......# .......#
########


You could see a gnoll shaman and 3 gnolls.

Vanquished Creatures
  Eustachio (D:5)
  Menkaure (D:5)
  An ice beast (D:5)
  2 ogres (D:5)
  A centaur (D:5)
  A bullfrog (D:6)
  A wight (D:6)
  A howler monkey (D:5)
  A bullfrog zombie (D:6)
  A jelly (D:6)
  2 orc priests (D:5)
  2 orc wizards (D:5)
  2 gnoll shamans
  2 iguanas (D:5)
  Natasha (twice) (D:3)
  5 worker ants
  15 gnolls
  7 adders
  A shadow imp (D:5)
  An ooze (D:1)
  An adder skeleton (D:5)
  3 worms
  7 dart slugs
  7 leopard geckos
  23 orcs
  2 ball pythons (D:1)
  A giant cockroach (D:1)
  11 goblins
  14 hobgoblins
  19 kobolds
  4 quokkas
  15 bats
  4 frilled lizards
  A quokka skeleton (D:3)
  6 rats
168 creatures vanquished.

Notes
Turn   | Place    | Note
-------+----------+-------------------------------------------
     0 | D:1      | Jerry the Ogre Hunter began the quest for the Orb.
     0 | D:1      | Reached XP level 1. HP: 22/22 MP: 1/1
   125 | D:1      | Reached XP level 2. HP: 14/31 MP: 2/2
   549 | D:1      | Reached XP level 3. HP: 37/39 MP: 3/3
  1226 | D:2      | Reached skill level 1 in Maces & Flails
  1237 | D:2      | Reached XP level 4. HP: 21/48 MP: 4/4
  1720 | D:2      | Found a hazy altar of Hepliaklqana.
  1721 | D:2      | Found a shimmering altar of Xom.
  1722 | D:2      | Noticed a spectral ugly thing
  2070 | D:3      | Reached skill level 2 in Maces & Flails
  2338 | D:3      | Found a basalt altar of Yredelemnul.
  2386 | D:3      | Noticed Natasha
  2398 | D:3      | Killed Natasha
  2398 | D:3      | Reached XP level 5. HP: 39/55 MP: 5/5
  2429 | D:3      | Found a white marble altar of Elyvilon.
  2496 | D:3      | Reached skill level 3 in Maces & Flails
  2901 | D:3      | Noticed Natasha
  2910 | D:3      | Killed Natasha
  3013 | D:4      | Found a blossoming altar of Fedhas.
  3016 | D:4      | Found a shattered altar of Ashenzari.
  3070 | D:4      | Found a burning altar of Makhleb.
  3108 | D:4      | Reached skill level 4 in Maces & Flails
  3121 | D:4      | Found a staircase to the Ecumenical Temple.
  3126 | Temple   | Entered the Ecumenical Temple
  3207 | Temple   | Became a worshipper of Gozag Ym Sagoz the Greedy
  3375 | D:4      | Reached XP level 6. HP: 57/65 MP: 6/6
  3522 | D:4      | Reached skill level 5 in Fighting
  3707 | D:4      | Reached skill level 5 in Maces & Flails
  3847 | D:5      | Entered Level 5 of the Dungeon
  3889 | D:5      | Found a shattered altar of Ashenzari.
  3972 | D:4      | Reached XP level 7. HP: 25/72 MP: 7/7
  4081 | D:5      | Reached skill level 6 in Maces & Flails
  4153 | D:5      | Noticed Menkaure
  4175 | D:5      | Killed Menkaure
  4181 | D:5      | Reached skill level 7 in Maces & Flails
  4262 | D:5      | Noticed Eustachio
  4284 | D:5      | Killed Eustachio
  4284 | D:5      | Reached XP level 8. HP: 32/84 MP: 8/8
  4540 | D:5      | Reached skill level 8 in Maces & Flails
  4763 | D:5      | Reached skill level 5 in Dodging
  5216 | D:6      | Gained mutation: You are weak. (Str -2) [potion of mutation]
  5216 | D:6      | Lost mutation: You are weak. (Str -2) [potion of mutation]
  5216 | D:6      | Gained mutation: You are dopey. (Int -2) [potion of mutation]
  5271 | D:6      | Reached skill level 9 in Maces & Flails
  5792 | D:6      | Identified the Tome of the Four Beds
  5925 | D:6      | HP: 1/88 [gnoll/spear of piercing (7)]
  5925 | D:6      | Slain by a gnoll

Skill      XL: |  1  2  3  4  5  6  7  8 |
---------------+-------------------------+-----
Fighting       | 3 4 5 6 7 |  7.7
Dodging        | 2 3 4 5 |  5.5
Maces & Flails | 1 2 4 5 7 9 |  9.4
Throwing       | |  4.0
Stealth        | |  0.6

Action                   |  1- 3 |  4- 6 |  7- 9 || total
-------------------------+-------+-------+-------++-------
Melee: Short sword       |   135 |   165 |   113 ||   413
       Falchion          |       |    11 |       ||    11
       Mace              |       |       |   113 ||   113
       Flail             |       |       |    55 ||    55
Throw: Large rock        |     3 |     4 |    16 ||    23
       Throwing net      |       |       |     1 ||     1
  Use: Potion            |       |     1 |     1 ||     2
       Scroll            |       |       |    16 ||    16
 Stab: Sleeping          |     1 |     2 |     1 ||     4
  Eat: Chunk             |     1 |     7 |       ||     8
       Beef jerky        |       |     1 |     1 ||     2
       Meat ration       |       |       |     1 ||     1
Armor: Robe              |    41 |    39 |    38 ||   118
       Skin              |       |     1 |       ||     1
Dodge: Dodged            |    87 |    87 |   199 ||   373
       Rpst.: Falchion   |       |     3 |       ||     3
